 Dungeon Crawl Stone Soup version 0.22.0-49-gab54619674 (webtiles) character file.

2867 Peloso the Blocker (level 9, -3/75 HPs)
             Began as a Minotaur Fighter on Sept 8, 2018.
             Was a Priest of Okawaru.
             Slain by a manticore (19 damage)
             ... on level 7 of the Dungeon.
             The game lasted 00:17:35 (5538 turns).

Peloso the Blocker (Minotaur Fighter)               Turns: 5538, Time: 00:17:36

Health: -3/75      AC: 13    Str: 22    XL:     9   Next: 47%
Magic:  8/8        EV:  7    Int:  5    God:    Okawaru [***...]
Gold:   323        SH: 12    Dex: 17    Spells: 8/8 levels left

rFire    . . .     SeeInvis .   u - -1 short sword (curse)
rCold    . . .     Gourm    .   c - +0 shield
rNeg     . . .     Faith    .   b - +0 plate armour
rPois    .         Spirit   .   (helmet restricted)
rElec    .         Reflect  .   (no cloak)
rCorr    .         Harm     .   (no gloves)
MR       .....                  (no boots)
Stlth    ..........             (no amulet)
HPRegen  0.22/turn              g - +5 ring of dexterity
MPRegen  0.11/turn              (no ring)

@: no status effects
A: retaliatory headbutt, horns 2
a: Heroism, Renounce Religion


You were on level 7 of the Dungeon.
You worshipped Okawaru.
Okawaru was most pleased with you.
You were not hungry.

You visited 2 branches of the dungeon, and saw 8 of its levels.
You also visited: Sewer.

You collected 323 gold pieces.

Inventory:

Hand Weapons
 a - a +1 long sword
 u - a cursed -1 short sword (weapon)
Armour
 b - a +0 plate armour (worn)
 c - a +0 shield (worn)
Jewellery
 g - a +5 ring of dexterity (left hand)
Wands
 r - a wand of flame (58)
 t - a wand of polymorph (11)
 y - a wand of iceblast (7)
Scrolls
 j - a scroll of enchant weapon
 k - a scroll of teleportation
 m - a scroll of fear
 n - 2 scrolls of fog
 q - 7 scrolls of identify
 v - 2 scrolls of enchant armour {unknown}
 z - a scroll of noise {unknown}
Potions
 d - a potion of might
 e - a potion of mutation
 h - 3 potions of lignification
 i - 7 potions of curing {unknown}
 l - 7 potions of heal wounds {unknown}
 o - a potion of haste {unknown}
 p - 3 potions of flight {unknown}
 s - a potion of ambrosia {unknown}
 w - 2 potions of brilliance {unknown}
 x - a potion of agility {unknown}
 A - a potion of invisibility {unknown}
Comestibles
 f - 18 rations
 B - 3 chunks of flesh


   Skills:
 + Level 6.1 Fighting
 + Level 5.6(6.9) Short Blades
 + Level 6.6(7.7) Long Blades
 + Level 8.3 Armour
 + Level 2.8 Dodging
 + Level 1.2 Stealth
 + Level 9.3 Shields


You had 8 spell levels left.
You didn't know any spells.
Your spell library contained the following spells:

 Spells                   Type           Power        Failure   Level  Hunger
 Infusion                 Chrm           #...         100%        1    ##.....
 Shroud of Golubria       Chrm/Tloc      #.........   100%        2    ###....
 Song of Slaying          Chrm           #.......     100%        2    ###....
 Regeneration             Chrm/Necr      #.........   100%        3    ####...
 Spectral Weapon          Hex/Chrm       #.......     100%        3    ####...


Dungeon Overview and Level Annotations

Branches:
Dungeon (7/15)             Temple (1/1) D:5

Altars:
Ashenzari
Cheibriados
Dithmenos
Hepliaklqana
Kikubaaqudgha
Nemelex Xobeh
Okawaru
Qazlal
Ru
Sif Muna
Trog
Uskayaw
Vehumet
Wu Jian
Xom
Yredelemnul
The Shining One


Innate Abilities, Weirdness & Mutations

You reflexively headbutt those who attack you in melee.
You have a pair of horns on your head.


Message History

You hit the manticore but do no damage.
The manticore is lightly wounded.
A bullfrog comes into view.
The manticore bites you. The manticore closely misses you.
You block the manticore's attack.
You barely miss the manticore.
The manticore is lightly wounded.
The bullfrog gives a loud, deep croak!
You block the manticore's attack. The manticore claws you.
The manticore claws you but does no damage.
You hit the manticore.
The manticore is lightly wounded.
The manticore bites you!
The manticore claws you but does no damage.
The manticore claws you!
* * * LOW HITPOINT WARNING * * *
You hit the manticore but do no damage. You headbutt the manticore!
The manticore is moderately wounded.
The manticore bites you!!
You die...

##.# #.# #.# ##.##
### ### ##.#.## ...
... ##.###.# #F# #.#
##.## ##. #H# #.#
#.## ## #@# #.# ##.##
##. #.# #.# ##.###.#
#.###.#######.#.#.
#.................
#####.######.##.#.
#(# #.##.##
.#######)## #.##.##
..........#####..<...
.####..............##


You could see a manticore and a bullfrog.

Vanquished Creatures
  A hippogriff (D:7)
  Sigmund (D:5)
  A water moccasin (D:5)
  A black bear (D:7)
  2 orc warriors
  2 ice beasts
  2 sky beasts (D:7)
  2 centaurs (D:5)
  A big kobold (Sewer)
  2 bullfrogs
  2 wyvern skeletons
  4 scorpions
  A centaur zombie (D:6)
  2 crimson imps
  A quasit (D:5)
  An orc priest (D:6)
  6 orc wizards
  3 hounds
  2 centaur skeletons
  3 iguanas
  Ijyb (D:5)
  3 worker ants
  A hound skeleton (D:4)
  4 gnolls (D:4)
  Robin (D:3)
  10 adders
  9 river rats
  5 oozes
  2 worms
  3 adder skeletons
  4 dart slugs (D:1)
  4 leopard geckos
  25 orcs
  5 ball pythons
  11 bats
  6 giant cockroaches
  20 goblins
  8 hobgoblins
  13 jackals
  21 kobolds
  A quokka (D:3)
  8 frilled lizards
  A jackal skeleton (D:4)
  2 leopard gecko skeletons
  2 quokka skeletons
  30 rats
  A spectral orc (D:2)
241 creatures vanquished.

Vanquished Creatures (others)
  An orc wizard (D:6)
1 creature vanquished.

Grand Total: 242 creatures vanquished

Notes
Turn   | Place    | Note
-------+----------+-------------------------------------------
     0 | D:1      | Peloso the Minotaur Fighter began the quest for the Orb.
     0 | D:1      | Reached XP level 1. HP: 19/19 MP: 0/0
    94 | D:1      | Reached XP level 2. HP: 22/27 MP: 1/1
   115 | D:1      | Reached skill level 4 in Shields
   366 | D:1      | Reached XP level 3. HP: 33/33 MP: 2/2
   705 | D:2      | Reached XP level 4. HP: 40/40 MP: 3/3
   868 | D:2      | Found a basalt altar of Yredelemnul.
  1316 | D:3      | Reached XP level 5. HP: 46/46 MP: 4/4
  1666 | D:3      | Noticed Robin
  1676 | D:3      | Killed Robin
  1882 | D:4      | Reached skill level 5 in Shields
  1913 | D:4      | Reached skill level 1 in Dodging
  1932 | D:4      | Reached skill level 5 in Long Blades
  1932 | D:4      | Reached XP level 6. HP: 30/53 MP: 5/5
  2040 | D:4      | Found a hide-covered altar of Uskayaw.
  2320 | D:4      | Found a glowing drain.
  2324 | Sewer    | Entered a sewer
  2489 | Sewer    | Reached skill level 5 in Armour
  2507 | Sewer    | Reached XP level 7. HP: 36/60 MP: 6/6
  2558 | Sewer    | Reached skill level 5 in Fighting
  2780 | Sewer    | Reached skill level 6 in Shields
  2954 | D:5      | Entered Level 5 of the Dungeon
  3068 | D:5      | Found a staircase to the Ecumenical Temple.
  3095 | Temple   | Entered the Ecumenical Temple
  3227 | Temple   | Became a worshipper of Warmaster Okawaru
  3325 | D:5      | Noticed Ijyb
  3345 | D:5      | Killed Ijyb
  3443 | D:5      | Found a snail-covered altar of Cheibriados.
  3496 | D:5      | Reached skill level 1 in Stealth
  3504 | D:5      | Found an ancient bone altar of Kikubaaqudgha.
  3630 | D:5      | Noticed Sigmund
  3635 | D:5      | Killed Sigmund
  3635 | D:5      | Reached skill level 1 in Short Blades
  3658 | D:5      | Reached XP level 8. HP: 63/68 MP: 7/7
  3785 | D:5      | Reached * piety under Okawaru
  3959 | D:5      | Reached skill level 7 in Shields
  4223 | D:5      | Reached ** piety under Okawaru
  4454 | D:6      | Reached skill level 8 in Shields
  5094 | D:7      | Noticed a hippogriff
  5109 | D:7      | Killed a hippogriff
  5109 | D:7      | Reached XP level 9. HP: 57/75 MP: 8/8
  5215 | D:7      | Reached skill level 5 in Short Blades
  5228 | D:7      | Reached *** piety under Okawaru
  5477 | D:7      | Reached skill level 9 in Shields
  5526 | D:7      | Noticed a manticore
  5538 | D:7      | Slain by a manticore

Skill      XL: |  1  2  3  4  5  6  7  8  9 |
---------------+----------------------------+-----
Shields        | 4 5 6 8 9 |  9.3
Armour         | 4 5 6 7 8 |  8.3
Long Blades    | 3 4 5 6 |  6.6
Fighting       | 4 5 6 |  6.1
Dodging        | 1 2 |  2.8
Stealth        | 1 |  1.2
Short Blades   | 1 4 5 |  5.6

Action                   |  1- 3 |  4- 6 |  7- 9 || total
-------------------------+-------+-------+-------++-------
Melee: Long sword        |    78 |   209 |    60 ||   347
       Headbutt          |    15 |    48 |   127 ||   190
       Short sword       |       |       |   386 ||   386
  Use: Scroll            |       |       |     9 ||     9
       Potion            |       |       |     1 ||     1
  Eat: Chunk             |       |     5 |    11 ||    16
Armor: Scale mail        |    28 |       |       ||    28
       Chain mail        |    11 |   147 |   159 ||   317
       Plate armour      |       |       |    84 ||    84
Dodge: Dodged            |    41 |    73 |   113 ||   227
Block: Shield            |    46 |   168 |   282 ||   496
       Rpst.: Long sword |    18 |    20 |     3 ||    41
